 Seeded DCSS version 0.30.1 (webtiles) character file.

Game seed: 7229806256980976716 (custom seed)

2 McKennaii the Digger (level 1, 14/14 HPs)
             Began as a Demigod Earth Elementalist on July 13, 2023.
             Quit the game on level 1 of the Dungeon.
             The game lasted 00:00:21 (131 turns).

McKennaii the Digger (Demigod Earth Elementalist)    Turns: 131, Time: 00:00:21

Health: 14/14      AC:  2    Str:  9    XL:     1   Next: 26%
Magic:  5/5        EV: 12    Int: 17    God:
Gold:   17         SH:  0    Dex: 14    Spells: 2/3 levels left

rFire   . . .        (no weapon)
rCold   . . .        (no shield)
rNeg    . . .        a - +0 robe
rPois   .            (no helmet)
rElec   .            (no cloak)
rCorr   .            (no gloves)
SInv    .            (no boots)
Will    .....        (no amulet)
Stlth   ++           (no ring)
HPRegen 0.22/turn    (no ring)
MPRegen 0.09/turn

%: no passive effects
@: no status effects
A: high MP 1, forlorn, divine attributes
a: no special abilities


You were on level 1 of the Dungeon.
You visited 1 branch of the dungeon, and saw 1 of its levels.

You collected 17 gold pieces.

Inventory:

Missiles
 c - a throwing net
Armour
 a - a +0 robe (worn)
Scrolls
 d - 2 scrolls of amnesia {unknown}
 e - a scroll of acquirement
 f - a scroll of teleportation {unknown}
Potions
 b - a potion of magic


   Skills:
 - Level 1.7 Dodging
 - Level 1.7 Stealth
 + Level 1.9 Spellcasting
 - Level 0.8 Transmutations
 + Level 2.8 Earth Magic


You had 2 spell levels left.
You knew the following spells:

 Your Spells              Type           Power      Damage    Failure   Level
a - Sandblast             Erth           22%        2d7       6%          1

Your spell library contained the following spells:

 Spells                   Type           Power      Damage    Failure   Level
 Passwall                 Tmut/Erth      5%         N/A       14%         2
 Stone Arrow              Conj/Erth      12%        3d7       32%         3
 Confusing Touch          Hex            1%         N/A       52%         3
 Petrify                  Tmut/Erth      7%         N/A       67%         4
 Leda's Liquefaction      Hex/Erth       3%         N/A       73%         4
 Iron Shot                Conj/Erth      3%         9d2       100%        6
 Lehudib's Crystal Spear  Conj/Erth      3%         10d2      100%        8


Dungeon Overview and Level Annotations

Branches:
Dungeon (1/15)


Innate Abilities, Weirdness & Mutations

You have an increased reservoir of magic. (+10% MP)
You shall have no god before yourself.
Your divine heritage dramatically boosts your attributes as you level up.


Message History

You can't see any susceptible monsters within range! (Use Z to cast anyway.) No target in view!
You now have 17 gold pieces.
d - 2 scrolls labelled FUSKUR VIKLOEP You can't see any susceptible monsters within range! (Use Z to cast anyway.) No target in view!
A quokka comes into view.
You can't see any susceptible monsters within range! (Use Z to cast anyway.)
A quokka is nearby!
You can't see any susceptible monsters within range! (Use Z to cast anyway.)
A quokka is nearby!
The blast of sand hits the quokka but does no damage.
The quokka barely misses you.
The blast of sand hits the quokka.
The quokka is severely wounded.
The quokka bites you. x2
A quokka is nearby!
You hit the quokka but do no damage.
The quokka is severely wounded.
The quokka completely misses you.
A quokka is nearby!
The blast of sand hits the quokka.
You kill the quokka!
HP restored.
Found 3 stones.
e - 3 scrolls labelled RAGIOR NADERHA You can't see any susceptible monsters within range! (Use Z to cast anyway.)
You see here 3 stones.
f - a scroll labelled WUBBUN RUOS You can't see any susceptible monsters within range! (Use Z to cast anyway.)
A giant cockroach comes into view.
You can't see any susceptible monsters within range! (Use Z to cast anyway.) This is a scroll of acquirement!
You see here Sif Muna's Enchiridion on Puissant Glamour.
Something appears at your feet!
The giant cockroach waves its antennae.
You pick up Sif Muna's Enchiridion on Puissant Glamour and begin reading...
You add the spells Confusing Touch, Leda's Liquefaction, Iron Shot and Lehudib's Crystal Spear to your library.
Something appears at your feet!
Are you sure you want to abandon this character and quit the game? (Confirm with "yes".)

###########
##♣..>..♣##
##.......##
##♣.⌠_⌠.♣##
#####⌠#####
##########
###########
....B..@..#
#########.#
########
#.#
#.......
#.#
#.######
#(#######.#
#.........#
###########


You could see a giant cockroach.

Vanquished Creatures
  A hobgoblin (D:1)
  A quokka (D:1)
2 creatures vanquished.

Notes
Turn   | Place    | Note
-------+----------+-------------------------------------------
     0 | D:1      | McKennaii the Demigod Earth Elementalist began the quest
                  | for the Orb.
     0 | D:1      | Reached XP level 1. HP: 14/14 MP: 5/5
   128 | D:1      | Identified 3 scrolls of acquirement
   128 | D:1      | Acquired Sif Muna's Enchiridion on Puissant Glamour
   130 | D:1      | Acquired the amulet "Roephosk" {Reflect Harm Rampage rF+++
                  | Will- SH+5}
   131 | D:1      | Quit the game

Illustrated notes

Levels and vault maps discovered:
D:1:      spicycebolla_arrival_ecumenical, layout_loops_ring

Action                     || total
---------------------------++-------
  Melee: Unarmed           ||     1
   Cast: Sandblast         ||     4
    Use: Scroll            ||     2
  Dodge: Dodged            ||     2
